 Dungeon Crawl Stone Soup version 0.30-a0-377-g5cb311bc9f (webtiles) character file.

Game seed: 1884903251306094777

1197 SmokeWeed the Conjurer (level 8, -1/50 HPs)
             Began as an Octopode Conjurer on Nov 28, 2022.
             Was an Initiate of Gozag.
             Hit by a boomerang thrown by an orc warrior (10 damage)
             ... on level 6 of the Dungeon.
             The game lasted 00:32:03 (5809 turns).

SmokeWeed the Conjurer (Octopode Conjurer)          Turns: 5809, Time: 00:32:04

Health: -1/50      AC:  3    Str:  7    XL:     8   Next: 44%
Magic:  6/15       EV: 13    Int: 22    God:    Gozag
Gold:   260        SH:  0    Dex: 10    Spells: 14/17 levels left

rFire   . . .      SeeInvis .    f - +0 whip (holy)
rCold   + . .      Faith    .    (no shield)
rNeg    . . .      Spirit   .    (helmet restricted)
rPois   +          Reflect  .    (no amulet)
rElec   +          Harm     .    c - ring of poison resistance
rCorr   .          Rampage  .    (no ring)
Will    .....                    (no ring)
Stlth   +++.......               (no ring)
HPRegen 0.28/turn                (no ring)
MPRegen 0.14/turn                (no ring)
                                 (no ring)
                                 (no ring)

@: gold aura
A: almost no armour, amphibious, 8 rings, camouflage 1, gelatinous body 1,
(nimble swimmer 1), tentacles, iridescent scales 1, cold resistance 1,
electricity resistance, no potion heal 1
a: Renounce Religion, Potion Petition, Call Merchant, Bribe Branch


You were on level 6 of the Dungeon.
You worshipped Gozag.
Gozag was aware of your devotion.
You visited 2 branches of the dungeon, and saw 7 of its levels.

You collected 333 gold pieces.
You paid 73 gold pieces to Gozag.

Inventory:

Hand Weapons
 b - a +0 falchion
 d - a +1 sling of freezing
 f - a +0 whip of holy wrath (weapon)
Missiles
 n - 2 curare-tipped darts
 o - 4 boomerangs
Armour
 g - an orb of energy
Jewellery
 c - a ring of poison resistance (left tentacle)
 h - a ring of flight
Wands
 p - a wand of flame (13)
Scrolls
 l - a scroll of identify
 m - a scroll of blinking {unknown}
Potions
 a - a potion of magic
 e - a potion of lignification
 i - a potion of curing {unknown}
 j - a potion of flight {unknown}
 k - a potion of heal wounds {unknown}


   Skills:
 + Level 2.0 Fighting
 + Level 0.5 Maces & Flails
 - Level 4.0 Ranged Weapons
 + Level 3.6 Dodging
 + Level 4.2 Stealth
 + Level 5.3 Spellcasting
 + Level 6.5 Conjurations


You had 14 spell levels left.
You knew the following spells:

 Your Spells              Type           Power      Damage    Failure   Level
a - Magic Dart            Conj           100%       1d8       1%          1
b - Searing Ray           Conj           68%        2d6       1%          2

Your spell library contained the following spells:

 Spells                   Type           Power      Damage    Failure   Level
 Dazzling Flash           Conj/Hex       40%        N/A       8%          3
 Apportation              Tloc           10%        N/A       10%         1
 Necrotise                Necr           20%        1d5       10%         1
 Summon Small Mammal      Summ           20%        N/A       10%         1
 Fulminant Prism          Conj/Hex       10%        3d8       26%         4
 Iskenderun's Mystic Bla  Conj/Tloc      20%        2d6       26%         4


Dungeon Overview and Level Annotations

Branches:
Dungeon (6/15)             Temple (1/1) D:5

Altars:
Ashenzari
Cheibriados
Fedhas
Gozag
Kikubaaqudgha
Makhleb
Nemelex Xobeh
Qazlal
Sif Muna
Trog
Uskayaw
Vehumet
Wu Jian
Xom
Yredelemnul
Zin
The Shining One

Annotations:
D:3 Sigmund
D:5 Eustachio


Innate Abilities, Weirdness & Mutations

You cannot wear most types of armour.
You are amphibious.
You can wear up to eight rings at the same time.
Your skin changes colour to match your surroundings (Stealth+).
Your rubbery body absorbs attacks. (AC +1, EV +1)
((You are camouflaged when in or above water. (Stealth+)))
You have tentacles for arms and can constrict up to eight enemies at once.
You are partially covered in iridescent scales. (AC +2)
Your flesh is cold resistant. (rC+)
You are resistant to electric shocks. (rElec)
Potions are less effective at restoring your health.


Message History

The orc warrior hits you with a +0 mace.
You completely miss the orc warrior. You grab the orc warrior.
You squeeze the orc warrior, but do no damage.
The orc warrior is moderately wounded.
You constrict the orc warrior. The orc warrior barely misses you.
You hit the orc warrior but do no damage.
The orc warrior is moderately wounded.
You constrict the orc warrior, but do no damage.
The orc warrior hits you with a +0 mace!
The orc warrior closely misses you.
You hit the orc warrior but do no damage.
The orc warrior is moderately wounded.
You constrict the orc warrior, but do no damage.
The orc warrior hits you with a +0 mace!
Casting: Searing Ray (safe; 1% risk of failure)
Confirm with . or Enter, or press ? or * to list all spells.
Aiming: Searing Ray (safe; 1% risk of failure)
Press: ? - help, Shift-Dir - straight line, f/p - orc warrior
Aim: an orc warrior, wielding a +0 mace, wearing a +0 plate armour and quivering boomerangs (moderately wounded, constricted by you, 100% to hit)
The searing ray hits the orc warrior but does no damage.
The orc warrior is moderately wounded. (Press . to maintain the ray.)
The orc priest shouts!
You constrict the orc warrior, but do no damage.
You hear a bark!
The orc warrior barely misses you.
The searing ray hits the orc warrior!
The orc warrior is heavily wounded.
You constrict the orc warrior, but do no damage.
The orc warrior closely misses you.
There are monsters nearby!
You release your grip on the orc warrior.
The orc warrior attacks as you move away!
The orc warrior closely misses you.
The orc priest invokes the aid of Beogh against you.
Beogh smites you!
* * * LOW HITPOINT WARNING * * *
The orc warrior throws a boomerang.
The boomerang hits you!
You die...
Your body crumbles into a pile of gold.

#.######...##
#.##.........
#.##.###..... #....#
#..... ######### #.....
#......# #..... ####
#.####.# #.....
#...####.####.# #.....
#..$o(@....##.# ###...
#..o####.#.##.# #...
#... ##.......# #...
...[. #........# #...
#.#... #..##.#.### #...
# ..o.....#......# #...
.....##..#..#.#.#####...
#o....
#..#..#...........
................


You could see an orc warrior and an orc priest.

Vanquished Creatures
  A water moccasin (D:6)
  A sky beast (D:6)
  A black bear (D:4)
  A phantom (D:6)
  A bullfrog (D:6)
  3 necrophages
  A scorpion (D:6)
  2 hounds
  3 orc priests
  5 iguanas
  2 orc wizards
  A gnoll (D:2)
  9 adders
  2 ufetubi (D:5)
  A worm (D:3)
  A dart slug (D:1)
  8 orcs
  3 bats
  7 endoplasms
  A giant cockroach (D:1)
  5 goblins
  6 hobgoblins
  12 jackals
  8 kobolds
  9 ball pythons
  10 frilled lizards
  6 rats
110 creatures vanquished.

Vanquished Creatures (others)
  8 plants (D:6)
8 creatures vanquished.

Grand Total: 118 creatures vanquished

Notes
Turn   | Place    | Note
-------+----------+-------------------------------------------
     0 | D:1      | SmokeWeed the Octopode Conjurer began the quest for the
                  | Orb.
     0 | D:1      | Reached XP level 1. HP: 11/11 MP: 3/3
   336 | D:1      | Reached XP level 2. HP: 17/17 MP: 3/5
   553 | D:1      | Found a faded altar of an unknown god.
   862 | D:2      | Reached XP level 3. HP: 19/21 MP: 6/6
   867 | D:2      | Reached skill level 1 in Ranged Weapons
  1024 | D:2      | Gained mutation: You have hidden genetic potential. [potion
                  | of mutation]
  1024 | D:2      | Gained mutation: Your flesh is cold resistant. (rC+)
                  | [potion of mutation]
  1024 | D:2      | Gained mutation: Potions are less effective at restoring
                  | your health. [potion of mutation]
  1036 | D:2      | Reached XP level 4. HP: 27/27 MP: 0/7
  1129 | D:2      | Found an ancient bone altar of Kikubaaqudgha.
  1382 | D:2      | Learned a level 2 spell: Searing Ray
  1760 | D:2      | Gained mutation: You are resistant to electric shocks.
                  | (rElec) [hidden potential]
  1976 | D:2      | Reached XP level 5. HP: 31/31 MP: 3/9
  2156 | D:3      | Found a stormy altar of Qazlal.
  2158 | D:3      | Found a burning altar of Makhleb.
  2202 | D:3      | Noticed Sigmund
  2510 | D:4      | Gained mutation: You are partially covered in iridescent
                  | scales. (AC +2) [hidden potential]
  2510 | D:4      | Lost mutation: You have hidden genetic potential. [hidden
                  | potential expressed]
  2728 | D:4      | Reached skill level 5 in Conjurations
  2728 | D:4      | Reached XP level 6. HP: 4/37 MP: 7/10
  2982 | D:4      | Found a sparkling altar of Nemelex Xobeh.
  3124 | D:4      | Reached skill level 1 in Fighting
  3357 | D:4      | Found an ornate altar of the Wu Jian Council.
  3486 | D:4      | Reached XP level 7. HP: 43/43 MP: 3/12
  4003 | D:5      | Entered Level 5 of the Dungeon
  4014 | D:5      | Noticed Eustachio
  4669 | D:5      | Found a staircase to the Ecumenical Temple.
  4673 | Temple   | Entered the Ecumenical Temple
  4825 | Temple   | Became a worshipper of Gozag Ym Sagoz the Greedy
  5053 | D:6      | Reached skill level 6 in Conjurations
  5193 | D:6      | Reached XP level 8. HP: 47/49 MP: 3/14
  5407 | D:6      | Reached skill level 5 in Spellcasting
  5809 | D:6      | Hit by a boomerang thrown by an orc warrior

Illustrated notes

Levels and vault maps discovered:
D:1:      psy_arrival_spokes, layout_loops_ring, ebering_ecumenical_altar_box
D:2:      layout_rooms, basic_altar, cheibrodos_gnoll_hut
D:3:      layout_basic, grunt_temple_overflow_open, serial_shops,
          nicolae_shop_hallway_plus, nicolae_shop_waterfront, minmay_rat_hole,
          uniq_sigmund
D:4:      layout_basic, chequers_temple_overflow_statue_of_worship
D:5:      layout_cave_pools, minmay_temple_entry_proselytizer,
          minmay_curled_crystal, uniq_edmund, uniq_eustachio
D:6:      layout_loops_cross, minmay_lizard_king
Temple:   dshaligram_water_room_temple

Skill      XL: |  1  2  3  4  5  6  7  8 |
---------------+-------------------------+-----
Ranged Weapons | 1 2 3 4 |  4.0
Spellcasting   | 3 4 5 |  5.3
Stealth        | 3 4 |  4.2
Conjurations   | 5 6 |  6.5
Fighting       | 1 2 |  2.0
Dodging        | 3 |  3.6
Maces & Flails | |  0.5

Action                   |  1- 3 |  4- 6 |  7- 9 || total
-------------------------+-------+-------+-------++-------
Melee: Constrict         |     1 |       |     1 ||     2
       Falchion          |     1 |       |       ||     1
       Whip              |       |       |     6 ||     6
       Tentacles         |       |       |     1 ||     1
 Fire: Sling             |    33 |    41 |     8 ||    82
 Cast: Magic Dart        |    31 |   118 |    66 ||   215
       Searing Ray       |       |     5 |    19 ||    24
  Use: Scroll            |     3 |     4 |     2 ||     9
       Potion            |     1 |     1 |       ||     2
 Stab: Sleeping          |     1 |       |       ||     1
Armor: Skin              |     2 |    11 |    10 ||    23
Dodge: Dodged            |    27 |    45 |    38 ||   110

Table legend: (Time is in decaauts)
 A = Elapsed time spent in this place.
 B = Non-inter-level travel time spent in this place.
 C = Inter-level travel time spent in this place.
 D = Time resting spent in this place.
 E = Time spent auto-exploring this place.
 F = Levels seen in this place.
 G = Mean time per level.
                   A        B        C        D        E       F      G
               +--------+--------+--------+--------+--------+-----+--------+
         Total |   5836 |   5384 |    452 |   1172 |   3219 |   7 |  833.7 |
       Dungeon |   5620 |   5182 |    438 |   1127 |   3148 |   6 |  936.7 |
        Temple |    216 |    202 |     14 |     45 |     71 |   1 |  216.0 |
               +--------+--------+--------+--------+--------+-----+--------+

Top non-repeatable levels by time:
     D:4: 1859 daAuts
     D:2: 1238 daAuts
     D:1: 915 daAuts
     D:6: 887 daAuts
     D:5: 369 daAuts
     D:3: 350 daAuts
  Temple: 216 daAuts
